 Dungeon Crawl Stone Soup version 0.19-a0-262-g5df7875 (webtiles) character file.

34 oplop the Sneak (level 3, 0/16 HPs)
             Began as a Vine Stalker Enchanter on May 26, 2016.
             Slain by a jackal (2 damage)
             ... on level 2 of the Dungeon.
             The game lasted 00:01:04 (466 turns).

oplop the Sneak (Vine Stalker Enchanter)             Turns: 466, Time: 00:01:05

Health: 0/16       AC:  3    Str: 10    XL:     3   Next: 31%
Magic:  0/8        EV: 17    Int: 15    God:
Gold:   97         SH:  0    Dex: 20    Spells: 2 memorised, 4 levels left

rFire  . . .     SeeInvis .     a - +1 dagger
rCold  . . .     Gourm    .     b - +1 robe
rNeg   . . .     Faith    .     (no shield)
rPois  .         Spirit   +     (no helmet)
rElec  .         Dismiss  .     (no cloak)
rCorr  .         Reflect  .     (no gloves)
SustAt +         Harm     .     (no boots)
MR     .....                    (no amulet)
Stlth  ++++......               (no ring)
                                k - ring of sustain attributes

@: agile, not resistant to hostile enchantments, stealthy
A: fangs 2, regeneration 1, magic shield, antimagic bite, no device heal 3, rot
immunity
a: no special abilities


You were on level 2 of the Dungeon.
You were not hungry.

You visited 1 branch of the dungeon, and saw 2 of its levels.

You collected 97 gold pieces.

Inventory:

Hand Weapons
 a - a +1 dagger (weapon)
Armour
 b - a +1 robe (worn)
Jewellery
 k - a ring of sustain attributes (left hand)
Scrolls
 f - a scroll of identify {unknown}
 g - a scroll of amnesia {unknown}
 i - 2 scrolls of recharging {unknown}
Potions
 e - 2 potions of curing {unknown}
 j - 2 potions of degeneration {unknown}
 l - a potion of cancellation {unknown}
Books
 c - a book of Maledictions

   Spells                             Type                      Level
   a - Corona                         Hexes                        1
   b - Ensorcelled Hibernation        Hexes/Ice                    2
   c - Confuse                        Hexes                        3
   d - Tukima's Dance                 Hexes                        3
   e - Dazzling Spray                 Conjuration/Hexes            3
Comestibles
 d - 2 bread rations


   Skills:
 - Level 0.8 Short Blades
 - Level 1.5 Dodging
 + Level 4.3 Stealth
 + Level 2.9 Spellcasting
 + Level 3.3 Hexes


You had 4 spell levels left.
You knew the following spells:

 Your Spells              Type           Power        Failure   Level  Hunger
a - Corona                Hex            ##.....      6%          1    #......
b - Ensorcelled Hibernat  Hex/Ice        #.....       17%         2    ##.....


Dungeon Overview and Level Annotations

Branches:
Dungeon (2/15)

Altars:


Innate Abilities, Weirdness & Mutations

You have extremely sharp teeth.
Your natural rate of healing is unusually fast.
When hurt, damage is shared between your health and your magic reserves.
Your bite disrupts and absorbs the magic of your enemies.
Potions and wands cannot restore your health.
You are immune to rotting.


Message History

You hit the jackal but do no damage.
The jackal is moderately wounded.
The jackal completely misses you. The jackal misses you.
The jackal closely misses you.
You hit the jackal but do no damage.
The jackal is moderately wounded.
The jackal bites you. The jackal misses you.
You hit the jackal but do no damage. You bite the jackal, but do no damage.
The jackal is moderately wounded.
The jackal closely misses you. The jackal bites you.
* * * LOW HITPOINT WARNING * * *
The jackal bites you.
* * * LOW HITPOINT WARNING * * *
The jackal bites you but does no damage.
Found a stone staircase leading down.
Drink which item? (? for menu, Esc to quit)
It was a potion of agility.
You feel agile all of a sudden. The jackal closely misses you.
The jackal bites you.
You die...

....... ........
#(..... ###....####
#### . #..........#...#
...###.......# .....#
.....[<......#
#....#...
#...#.<.....###@.......
#.........)..hh...#..>
#...)..........[......
####>.......####>##..#
#........... .# .#
#.......#...### #
#.........#..#
#.....[....##...
#......###.# ##.


You could see 2 jackals.

Vanquished Creatures
  An adder (D:2)
  2 giant cockroaches (D:1)
  A goblin (D:2)
  5 hobgoblins
  5 jackals
  2 bats (D:1)
  A kobold (D:1)
  5 rats (D:1)
22 creatures vanquished.

Notes
Turn   | Place    | Note
--------------------------------------------------------------
     0 | D:1      | oplop the Vine Stalker Enchanter began the quest for the Orb.
     0 | D:1      | Reached XP level 1. HP: 9/9 MP: 4/4
   130 | D:1      | Reached XP level 2. HP: 13/13 MP: 6/6
   177 | D:1      | Learned a level 2 spell: Ensorcelled Hibernation
   269 | D:1      | Reached skill level 4 in Stealth
   441 | D:2      | Reached XP level 3. HP: 15/16 MP: 0/8
   466 | D:2      | Slain by a jackal

Vault maps used:
D:1:      lemuel_arrival_tunnels

Skill      XL: |  1  2 |
---------------+-------+-----
Stealth        | 4 |  4.3
Short Blades   | |  0.8
Dodging        | |  1.5
Spellcasting   | |  2.9
Hexes          | |  3.3

Action                   || total
-------------------------++-------
Melee: Dagger            ||    90
       Bite              ||    17
 Cast: Ensorcelled Hiber ||     5
       Corona            ||     2
  Use: Potion            ||     1
 Stab: Sleeping          ||     6
Armor: Robe              ||    27
Dodge: Dodged            ||    83
